 Dungeon Crawl Stone Soup version 0.31-a0-237-g2d982f9f85 (webtiles) character file.

Game seed: 8528250919294939689

96 qw the Shooter (level 4, -1/36 HPs)
             Began as a Minotaur Hexslinger on July 10, 2023.
             Slain by Robin
             ... wielding a +0 mace
              (3 damage)
             ... on level 2 of the Dungeon.
             The game lasted 00:00:33 (1079 turns).

qw the Shooter (Minotaur Hexslinger)                Turns: 1079, Time: 00:00:34

Health: -1/36      AC:  3    Str: 12    XL:     4   Next: 41%
Magic:  4/4        EV: 12    Int: 10    God:
Gold:   75         SH:  0    Dex: 15    Spells: 4/5 levels left

rFire   . . .        Y - +1 sling
rCold   . . .        (no shield)
rNeg    . . .        c - +0 robe
rPois   .            (helmet restricted)
rElec   .            (no cloak)
rCorr   .            a - +0 pair of gloves
SInv    .            (no boots)
Will    .....        (no amulet)
Stlth   +            (no ring)
HPRegen 0.26/turn    (no ring)
MPRegen 0.09/turn

%: no passive effects
@: no status effects
A: horns 2, retaliatory headbutt
a: no special abilities


You were on level 2 of the Dungeon.
You visited 1 branch of the dungeon, and saw 2 of its levels.

You collected 75 gold pieces.


Innate Abilities, Weirdness & Mutations

You have a pair of horns on your head.
You reflexively headbutt those who attack you in melee.


   Skills:
 + Level 2.0 Fighting
 - Level 5.0 Ranged Weapons
 - Level 2.1 Dodging
 - Level 1.0 Spellcasting
 - Level 2.0 Hexes


You had 4 spell levels left.
You knew the following spells:

 Your Spells              Type           Power      Damage    Failure   Level
a - Slow                  Hex            16%        N/A       16%         1

Your spell library contained the following spells:

 Spells                   Type           Power      Damage    Failure   Level
 Inner Flame              Hex/Fire       2%         N/A       56%         3
 Portal Projectile        Hex/Tloc       4%         N/A       56%         3
 Cause Fear               Hex            2%         N/A       83%         4

Inventory:

Hand Weapons
 Y - a +1 sling (weapon)
Armour
 a - a +0 pair of gloves (worn)
 c - a +0 robe (worn)
Scrolls
 b - a scroll of identify
Potions
 d - a potion of attraction {unknown}
 f - a potion of invisibility
 h - a potion of heal wounds {unknown}

Dungeon Overview and Level Annotations

Branches:
Dungeon (2/15)

Altars:

Annotations:
D:2 Robin


Message History

You kill the kobold!
You hear a shout!
An endoplasm comes into view.
A goblin comes into view. It is wielding a +0 dagger.
You shoot a sling bullet. The sling bullet hits the endoplasm!
You kill the endoplasm!
Your Ranged Weapons skill increases to level 5!
You shoot a sling bullet. You shoot a sling bullet.
The sling bullet completely misses the goblin.
The goblin goes into a battle-frenzy!
You shoot a sling bullet. The sling bullet hits the goblin.
The goblin is heavily wounded.
Something hits you.
You shoot a sling bullet. Something hits you.
Something throws the goblin at you!
You shoot a sling bullet. The sling bullet hits the goblin.
You kill the goblin!
Something hits you.
You shoot a sling bullet. Something hits you but does no damage.
You shoot a sling bullet. Something hits you.
You shoot a sling bullet. Something hits you.
You shoot a sling bullet. Something hits you but does no damage.
You shoot a sling bullet. Something hits you.
You shoot a sling bullet. Something hits you. x2
You shoot a sling bullet. Something hits you!
You shoot a sling bullet. Something hits you.
You shoot a sling bullet. Something completely misses you.
You shoot a sling bullet. Something hits you.
You die...

.# .## ..)..# ..##
.%).# ...## ..).#
........ .).# ...#
.... .).#
#.#####.########..
#.........##{# #
#.#.##.##.##@##.##..
#
#.#.##.....)........
#
#.#....##.##.##.##.#
#####.#.......##.# #
......#.##.##.##..
####..........#####
# #.########## # #.#
# #.#


There were no monsters in sight!

Vanquished Creatures
  Jessica (D:2)
  2 adders (D:2)
  A dart slug (D:1)
  3 bats (D:1)
  2 endoplasms
  A giant cockroach (D:1)
  10 goblins
  10 hobgoblins
  4 jackals (D:1)
  3 quokkas
  2 ball pythons (D:1)
  A frilled lizard (D:1)
  2 kobolds (D:2)
  2 rats (D:1)
44 creatures vanquished.

Notes
Turn   | Place    | Note
-------+----------+-------------------------------------------
     0 | D:1      | qw the Minotaur Hexslinger began the quest for the Orb.
     0 | D:1      | Reached XP level 1. HP: 16/16 MP: 1/1
     0 | D:1      | 0 ||| qw: Version: 0.3-a-52-g30416fa
     0 | D:1      | 0 ||| qw: Game counter: 5301
     0 | D:1      | 0 ||| qw: Melee chars always use a shield: true
     0 | D:1      | 0 ||| qw: God list: Okawaru
     0 | D:1      | 0 ||| qw: Allow faded altars: false
     0 | D:1      | 0 ||| qw: Do Orc after clearing Dungeon:15 true
     0 | D:1      | 0 ||| qw: Do second Lair branch before Depths: true
     0 | D:1      | 0 ||| qw: Lair rune preference: random
     0 | D:1      | 0 ||| qw: Goals: Normal
     0 | D:1      | 0 ||| PLANNING D:1-11
   125 | D:1      | Reached skill level 3 in Ranged Weapons
   125 | D:1      | Reached XP level 2. HP: 22/23 MP: 2/2
   526 | D:1      | Found a faded altar of an unknown god.
   640 | D:1      | 640 ||| READING scroll labelled KEOGIU KIGGA.
   641 | D:1      | 641 ||| READING scroll labelled YTHRYJ SIVUT.
   642 | D:1      | 642 ||| DROPPING scroll of poison.
   713 | D:2      | Noticed Jessica
   716 | D:2      | 716 ||| FLEEEEING.
   717 | D:2      | 717 ||| FLEEEEING.
   718 | D:2      | 718 ||| FLEEEEING.
   720 | D:2      | 720 ||| FLEEEEING.
   721 | D:2      | 721 ||| FLEEEEING.
   722 | D:2      | 722 ||| FLEEEEING.
   723 | D:2      | 723 ||| FLEEEEING.
   730 | D:2      | 730 ||| STAIRDANCE
   744 | D:1      | 744 ||| UPGRADING to +0 pair of gloves.
   758 | D:2      | Killed Jessica
   759 | D:2      | Reached skill level 4 in Ranged Weapons
   759 | D:2      | Reached XP level 3. HP: 19/29 MP: 3/3
   829 | D:2      | 829 ||| FLEEEEING.
   830 | D:2      | 830 ||| FLEEEEING.
   831 | D:2      | 831 ||| FLEEEEING.
   832 | D:2      | 832 ||| FLEEEEING.
   833 | D:2      | 833 ||| FLEEEEING.
   834 | D:2      | 834 ||| FLEEEEING.
   835 | D:2      | 835 ||| FLEEEEING.
   836 | D:2      | 836 ||| FLEEEEING.
   837 | D:2      | 837 ||| FLEEEEING.
   838 | D:2      | 838 ||| FLEEEEING.
   839 | D:2      | 839 ||| FLEEEEING.
   894 | D:2      | Reached XP level 4. HP: 36/36 MP: 4/4
  1059 | D:2      | Noticed Robin
  1065 | D:2      | Reached skill level 5 in Ranged Weapons
  1075 | D:2      | HP: 9/36 [something (3)]
  1076 | D:2      | HP: 2/36 [something (7)]
  1079 | D:2      | Slain by Robin

Levels and vault maps discovered:
D:1:      wander_arrival_peaceful_grave, layout_loops_ring,
          hellmonk_ecumenical_altar_crossroads
D:2:      layout_loops_cross, eino_tiny_chamber, uniq_robin, uniq_jessica

Skill      XL: |  1  2  3  4 |
---------------+-------------+-----
Ranged Weapons | 3 4 5 |  5.0
Fighting       | 2 |  2.0
Dodging        | |  2.1
Spellcasting   | |  1.0
Hexes          | |  2.0

Action                     |  1- 3 |  4- 6 || total
---------------------------+-------+-------++-------
   Fire: Sling             |    85 |    49 ||   134
    Use: Scroll            |     2 |       ||     2
 Armour: Robe              |     2 |     4 ||     6
  Dodge: Dodged            |    28 |     5 ||    33

Table legend:
 A = Non-vault XP
 B = Vault XP
 C = Vault XP percentage of total XP
 D = Non-vault monster count
 E = Vault monster count
 F = Vault count percentage of total count
                 A         B        C        D         E       F
            +---------+---------+-------+---------+---------+-------
      Total |      78 |      60 |  43.5 |      31 |      13 |  29.5
            +---------+---------+-------+---------+---------+-------
        D:1 |      38 |       0 |   0.0 |      21 |       0 |   0.0
        D:2 |      40 |      60 |  60.0 |      10 |      13 |  56.5
            +---------+---------+-------+---------+---------+-------
